 Dungeon Crawl Stone Soup version 0.24-a0-537-g2d01d4ab0a (webtiles) character file.

Game seed: 5717603450442596102

464 Chiseanne the Sneak (level 7, -2/46 HPs)
             Began as an Octopode Wanderer on Aug 14, 2019.
             Slain by an orc wizard
             ... wielding a +0 dagger
              (4 damage)
             ... on level 4 of the Dungeon.
             The game lasted 00:15:34 (5769 turns).

Chiseanne the Sneak (Octopode Wanderer)             Turns: 5769, Time: 00:15:35

Health: -2/46      AC:  1    Str: 10    XL:     7   Next: 8%
Magic:  22/22      EV: 15    Int: 12    God:
Gold:   135        SH:  6    Dex: 17    Spells: 13/14 levels left

rFire    . . .     SeeInvis .   a - +2 spear (pain)
rCold    . . .     Gourm    .   (no shield)
rNeg     . . .     Faith    .   (helmet restricted)
rPois    +         Spirit   .   (no amulet)
rElec    .         Reflect  .   s - ring of magical power
rCorr    .         Harm     .   (no ring)
MR       .....                  (no ring)
Stlth    ++++......             (no ring)
HPRegen  0.15/turn              (no ring)
MPRegen  0.18/turn              (no ring)
                                (no ring)
                                (no ring)

@: no status effects
A: almost no armour, stealthy swim, amphibious, 8 rings, constrict 8, antennae
1, large bone plates 2, camouflage 1, poison resistance, gelatinous body 1
a: no special abilities


You were on level 4 of the Dungeon.
You were not hungry.

You visited 1 branch of the dungeon, and saw 4 of its levels.

You collected 135 gold pieces.

Inventory:

Hand Weapons
 a - a +2 spear of pain (weapon)
Missiles
 e - 17 bolts
 i - a throwing net
 j - 24 poisoned darts (quivered)
 m - 9 boomerangs
 o - 69 stones
 r - 21 sling bullets
Jewellery
 h - an uncursed ring of ice
 s - a ring of magical power (left tentacle)
Wands
 n - a wand of digging (5)
Scrolls
 c - a scroll of identify
 f - 2 scrolls of amnesia
 g - a scroll of immolation
Potions
 b - a potion of lignification
 q - a potion of ambrosia
Comestibles
 d - 6 rations


   Skills:
 * Level 3.2 Fighting
   Level 2.6 Short Blades
 - Level 1.6 Throwing
 * Level 3.2 Dodging
 * Level 4.7 Stealth
   Level 1.0 Shields
 - Level 4.2 Spellcasting
   Level 2.0 Hexes
   Level 2.0 Translocations


You had 13 spell levels left.
You knew the following spells:

 Your Spells              Type           Power        Failure   Level  Hunger
a - Magic Dart            Conj           #...         22%         1    None

Your spell library contained the following spells:

 Spells                   Type           Power        Failure   Level  Hunger
 Blink                    Tloc           N/A          14%         2    ##.....
 Slow                     Hex            #.......     14%         2    ##.....
 Call Imp                 Summ           #.......     32%         2    ##.....
 Conjure Flame            Conj/Fire      #.......     54%         3    ###....
 Mephitic Cloud           Conj/Pois/Air  #.......     54%         3    ###....


Dungeon Overview and Level Annotations

Branches:
Dungeon (4/15)
 Temple: D:4-7

Altars:
Elyvilon
Uskayaw
Yredelemnul


Innate Abilities, Weirdness & Mutations

You cannot wear most types of armour.
You are very stealthy in the water. (Stealth+)
You are amphibious.
You can wear up to eight rings at the same time.
You can use your tentacles to constrict eight enemies at once.
Your skin changes colour to match your surroundings (Stealth+).
Your rubbery body absorbs attacks. (AC +1, EV +1)
You have a pair of small antennae on your head.
You are mostly covered in large bone plates. (SH +6)
Your system is resistant to poisons. (rPois)


Message History

The orc wizard hits you with a +0 dagger.
* * * LOW HITPOINT WARNING * * *
It was a potion of mutation.
You feel extremely strange.
Large bone plates grow over parts of your tentacles.
Large bone plates spread over more of your tentacles.
A pair of antennae grows on your head!
You feel resistant to poisons.
You constrict the orc wizard.
The orc wizard hits you with a +0 dagger.
* * * LOW HITPOINT WARNING * * *
The orc wizard misses you. The orc wizard casts a spell at you.
The magic dart hits you.
* * * LOW HITPOINT WARNING * * *
Okay, then.
You barely miss the orc wizard.
The orc wizard is heavily wounded.
You constrict the orc wizard. The orc wizard barely misses you.
The orc wizard misses you.
The orc wizard hits you with a +0 dagger.
You die...

.........# #..
...........O...# #..
............... #..
..............## #..
...........g.gS. ..
(......<......## #.
.............###
#w#o....##.....###.
#(@o# #######...
##o)### ##....##
#...).#####....# ##.
#.....##....# #..
#........##### #..
#.....)......#####..
#.....######........
##..### #######..
#..# #..


You could see 3 orc wizards and a dart slug.

Vanquished Creatures
  An ogre (D:4)
  A hound (D:4)
  2 orc priests
  An orc wizard (D:4)
  A worker ant (D:3)
  11 gnolls
  6 adders
  An ooze (D:3)
  An adder zombie (D:1)
  An adder skeleton (D:4)
  10 orcs
  4 bats
  A bat zombie (D:1)
  4 giant cockroaches
  5 goblins
  7 hobgoblins
  A quokka (D:3)
  2 ball pythons
  3 frilled lizards
  5 kobolds
  6 rats
74 creatures vanquished.

Notes
Turn   | Place    | Note
-------+----------+-------------------------------------------
     0 | D:1      | Chiseanne the Octopode Wanderer began the quest for the
                  | Orb.
     0 | D:1      | Chiseanne set off with the following items: a +0 dagger, a
                  | potion of lignification, a ration; and the following spell
                  | memorised: Magic Dart; and the following spells available
                  | to memorise: Blink, Slow, Call Imp, Conjure Flame, Mephitic
                  | Cloud
     0 | D:1      | Reached XP level 1. HP: 11/11 MP: 5/5
   362 | D:1      | Reached XP level 2. HP: 17/17 MP: 7/7
   834 | D:1      | Reached XP level 3. HP: 14/22 MP: 8/8
  1003 | D:2      | Reached skill level 1 in Stealth
  1140 | D:1      | Reached skill level 1 in Dodging
  1407 | D:1      | Reached skill level 1 in Fighting
  1752 | D:2      | Reached skill level 1 in Short Blades
  1941 | D:2      | Found a white marble altar of Elyvilon.
  1960 | D:2      | Found a hide-covered altar of Uskayaw.
  2013 | D:2      | Reached XP level 4. HP: 26/28 MP: 10/10
  2403 | D:1      | You fall into a shaft and drop 1 floor!
  2482 | D:2      | HP: 1/28 [orc priest (1)]
  2484 | D:2      | Reached XP level 5. HP: 2/34 MP: 11/11
  3475 | D:3      | Found a basalt altar of Yredelemnul.
  4738 | D:3      | Reached XP level 6. HP: 38/40 MP: 12/12
  5728 | D:4      | Reached XP level 7. HP: 46/46 MP: 13/13
  5768 | D:4      | Gained mutation: You are partially covered in large bone
                  | plates. (SH +4) [potion of mutation]
  5768 | D:4      | Gained mutation: You are mostly covered in large bone
                  | plates. (SH +6) [potion of mutation]
  5768 | D:4      | Gained mutation: You have a pair of small antennae on your
                  | head. [potion of mutation]
  5768 | D:4      | Gained mutation: Your system is resistant to poisons.
                  | (rPois) [potion of mutation]
  5768 | D:4      | HP: 2/46 [orc wizard/magic dart (6)]
  5769 | D:4      | Slain by an orc wizard

Levels and vault maps discovered:
D:1:      saegor_arrival_fortress, layout_basic
D:2:      layout_loops_ring, nicolae_overflow_hidden_temple,
          grunt_ministairs_10, minivault_5, serial_bayou_ford_a,
          minmay_misc_feat_pillars
D:3:      layout_basic, lemuel_coloured_pillars_altar, first_ration
D:4:      layout_rooms

Skill      XL: |  1  2  3  4  5  6 |
---------------+-------------------+-----
Stealth        | 1 2 3 4 |  4.7
Dodging        | 1 2 3 |  3.2
Fighting       | 1 2 3 |  3.2
Short Blades   | 1 2 |  2.6
Throwing       | |  1.6
Shields        | |  1.0
Spellcasting   | |  4.2
Hexes          | |  2.0
Translocations | |  2.0

Action                   |  1- 3 |  4- 6 |  7- 9 || total
-------------------------+-------+-------+-------++-------
Melee: Dagger            |    65 |       |       ||    65
       Constrict         |    16 |    24 |     3 ||    43
       Tentacles         |    16 |    25 |     1 ||    42
       Short sword       |       |    91 |       ||    91
       Spear             |       |    10 |    11 ||    21
Throw: Dart              |    24 |    50 |     4 ||    78
  Use: Scroll            |     7 |     5 |       ||    12
       Potion            |       |     2 |     1 ||     3
 Stab: Sleeping          |     3 |     9 |       ||    12
  Eat: Chunk             |     3 |    12 |       ||    15
Armor: Skin              |     7 |     4 |     2 ||    13
Dodge: Dodged            |    42 |    81 |     9 ||   132

Table legend:
 A = Non-vault XP
 B = Vault XP
 C = Vault XP percentage of total XP
 D = Non-vault monster count
 E = Vault monster count
 F = Vault count percentage of total count
                 A         B        C        D         E       F
            +---------+---------+-------+---------+---------+-------
      Total |     654 |      10 |   1.5 |      70 |       4 |   5.4
            +---------+---------+-------+---------+---------+-------
        D:1 |      26 |       8 |  23.5 |      15 |       2 |  11.8
        D:2 |     131 |       2 |   1.5 |      17 |       2 |  10.5
        D:3 |     190 |       0 |   0.0 |      23 |       0 |   0.0
        D:4 |     307 |       0 |   0.0 |      15 |       0 |   0.0
            +---------+---------+-------+---------+---------+-------
